 Dungeon Crawl Stone Soup version 0.20.1-1-g8b1a95d66d (webtiles) character file.

392 Popi the Shield-Bearer (level 7, -3/52 HPs)
             Began as a Human Fighter on Dec 17, 2017.
             Slain by a hound (5 damage)
             ... on level 5 of the Dungeon.
             The game lasted 00:08:06 (4362 turns).

Popi the Shield-Bearer (Human Fighter)              Turns: 4362, Time: 00:08:07

Health: -3/52      AC:  7    Str: 17 (19) XL:     7   Next: 8%
Magic:  16/16      EV:  6    Int:  7 (8)  God:
Gold:   116        SH: 14    Dex: 12      Spells: 6/6 levels left

rFire    . . .     SeeInvis .   a - +0 long sword
rCold    + . .     Gourm    .   m - +0 large shield
rNeg     . . .     Faith    .   b - +0 scale mail
rPois    .         Spirit   .   (no helmet)
rElec    .         Reflect  .   x - scarf {repulsion}
rCorr    .         Harm     .   (no gloves)
MR       .....                  (no boots)
Stlth    ..........             (no amulet)
Regen    0.2/turn               q - ring of magical power
MPRegen  0.2/turn               s - ring of protection from cold

@: hasted, repel missiles, very quick
A: mutation resistance 1
a: no special abilities


You were on level 5 of the Dungeon.
You were hungry.

You visited 1 branch of the dungeon, and saw 5 of its levels.

You collected 116 gold pieces.

Inventory:

Hand Weapons
 a - a +0 long sword (weapon)
Armour
 b - a +0 scale mail (worn)
 m - a +0 large shield (worn)
 x - a scarf of repulsion (worn)
Jewellery
 q - a ring of magical power (left hand)
 s - a ring of protection from cold (right hand)
Wands
 y - a wand of random effects (12/48)
Scrolls
 e - 3 scrolls of identify
 i - a scroll of magic mapping
 k - a scroll of remove curse
 l - 2 scrolls of fear {unknown}
 n - a scroll of enchant armour {unknown}
 o - a scroll of amnesia {unknown}
 p - a scroll of noise {unknown}
 r - 3 scrolls of teleportation {unknown}
 t - a scroll of enchant weapon {unknown}
 w - a scroll of recharging {unknown}
Potions
 c - a potion of degeneration
 d - a potion of might
 j - a potion of curing
 u - a potion of berserk rage
Comestibles
 f - 5 bread rations
 g - 4 royal jellies
 h - 3 meat rations


   Skills:
 - Level 3.0 Fighting
 - Level 2.0 Long Blades
 + Level 5.3 Armour
 - Level 2.3 Dodging
 - Level 5.3 Shields


You had 6 spell levels left.
You didn't know any spells.

Dungeon Overview and Level Annotations

Branches:
Dungeon (5/15)             Temple (0/1) D:4

Altars:
Yredelemnul

Annotations:
D:4 Popi's ghost, novice HuFi


Innate Abilities, Weirdness & Mutations

You are somewhat resistant to further mutation.


Message History

There is a stone staircase leading up here.
You hit the quokka.
The quokka is heavily wounded.
You block the hound's attack. You block the quokka's attack.
The quokka bites you.
* * * LOW HITPOINT WARNING * * *
The hound bites you.
* * * LOW HITPOINT WARNING * * *
You hit the quokka.
The quokka is almost dead.
The hound bites you.
* * * LOW HITPOINT WARNING * * *
The quokka bites you but does no damage.
The phantom blinks!
The hound bites you but does no damage.
The quokka bites you but does no damage.
It was a potion of haste.
You feel yourself speed up. You block the hound's attack. The quokka bites you.
* * * LOW HITPOINT WARNING * * *
The hound bites you.
You die...

############
...........###.
......ยง........
...........#
....W..@r..#
........h..#
...........#
...........#
.............
...........###
...........#
######.#####


You could see a phantom, a hound and a quokka.

Vanquished Creatures
  An ogre (D:4)
  2 orc wizards
  An orc priest (D:3)
  2 worker ants (D:4)
  A hound skeleton (D:4)
  3 gnolls (D:2)
  4 adders
  3 oozes
  An adder zombie (D:4)
  A dart slug (D:1)
  A worm (D:2)
  2 leopard geckos (D:3)
  13 orcs
  4 bats
  2 giant cockroaches (D:1)
  5 goblins
  3 hobgoblins
  3 quokkas (D:4)
  6 frilled lizards
  11 kobolds
  9 rats
78 creatures vanquished.

Vanquished Creatures (others)
  A plant (D:4)
1 creature vanquished.

Grand Total: 79 creatures vanquished

Notes
Turn   | Place    | Note
-------+----------+-------------------------------------------
     0 | D:1      | Popi the Human Fighter began the quest for the Orb.
     0 | D:1      | Reached XP level 1. HP: 18/18 MP: 1/1
    99 | D:1      | Reached skill level 1 in Dodging
   173 | D:1      | Reached XP level 2. HP: 24/24 MP: 2/2
   498 | D:1      | Reached XP level 3. HP: 29/29 MP: 3/3
   701 | D:2      | HP: 1/29 [gnoll/spear (3)]
   703 | D:2      | Reached XP level 4. HP: 2/35 MP: 4/4
  1864 | D:3      | Found a faded altar of an unknown god.
  1908 | D:3      | Reached XP level 5. HP: 28/41 MP: 5/5
  1915 | D:3      | Reached skill level 5 in Shields
  2815 | D:3      | Reached XP level 6. HP: 41/47 MP: 6/6
  3582 | D:4      | Gained mutation: Your muscles are strong. (Str +2) [potion of mutation]
  3582 | D:4      | Gained mutation: Your flesh is cold resistant. (rC+) [potion of mutation]
  3583 | D:4      | Lost mutation: Your muscles are strong. (Str +2) [potion of mutation]
  3583 | D:4      | Lost mutation: Your flesh is cold resistant. (rC+) [potion of mutation]
  3583 | D:4      | Gained mutation: You are somewhat resistant to further mutation. [potion of mutation]
  3588 | D:4      | Found a basalt altar of Yredelemnul.
  3597 | D:4      | Noticed an ogre
  3626 | D:4      | Killed an ogre
  3915 | D:4      | Reached skill level 5 in Armour
  3930 | D:4      | Reached XP level 7. HP: 7/52 MP: 7/7
  4335 | D:4      | Noticed Popi's ghost (novice HuFi)
  4359 | D:5      | Entered Level 5 of the Dungeon
  4362 | D:5      | HP: 2/52 [quokka (1)]
  4362 | D:5      | Slain by a hound

Skill      XL: |  1  2  3  4  5  6 |
---------------+-------------------+-----
Dodging        | 1 2 |  2.3
Shields        | 4 5 |  5.3
Armour         | 5 |  5.3
Fighting       | |  3.0
Long Blades    | |  2.0

Action                   |  1- 3 |  4- 6 |  7- 9 || total
-------------------------+-------+-------+-------++-------
Melee: Long sword        |    82 |   252 |    37 ||   371
  Use: Potion            |       |     4 |     1 ||     5
       Scroll            |       |     3 |       ||     3
  Eat: Chunk             |       |     4 |     2 ||     6
       Meat ration       |       |     1 |       ||     1
Armor: Scale mail        |    29 |    76 |    19 ||   124
Dodge: Dodged            |    38 |    52 |    12 ||   102
Block: Large shield      |    34 |   180 |    29 ||   243
       Rpst.: Long sword |    12 |    16 |     6 ||    34
